 Seeded DCSS version 0.28.0-45-g0d030f2227 (webtiles) character file.

Game seed: 12438630275245706108 (custom seed)

1209 zeratav the Destroyer (level 8, -1/46 HPs)
             Began as an Octopode Conjurer on Apr 19, 2022.
             Engulfed by a steam dragon's steam (7 damage)
             ... on level 7 of the Dungeon.
             The game lasted 00:10:01 (4698 turns).

zeratav the Destroyer (Octopode Conjurer)           Turns: 4698, Time: 00:10:01

Health: -1/46      AC:  1    Str:  8    XL:     8   Next: 45%
Magic:  18/24      EV: 13    Int: 20    God:
Gold:   163        SH:  0    Dex: 11    Spells: 10/17 levels left

rFire   . . .      SeeInvis .   j - +1 mace {mace}
rCold   . . .      Faith    .   (no shield)
rNeg    . . .      Spirit   .   (helmet restricted)
rPois   .          Reflect  .   (no amulet)
rElec   .          Harm     .   a - ring of magical power
rCorr   .          Rampage  .   (no ring)
Will    .....                   (no ring)
Stlth   +++.......              (no ring)
HPRegen 0.15/turn               (no ring)
MPRegen 0.19/turn               (no ring)
                                (no ring)
                                (no ring)

@: no status effects
A: almost no armour, amphibious, 8 rings, camouflage 1, gelatinous body 1,
(nimble swimmer 1), tentacles
a: no special abilities


You were on level 7 of the Dungeon.
You visited 1 branch of the dungeon, and saw 6 of its levels.

You collected 163 gold pieces.


Innate Abilities, Weirdness & Mutations

You cannot wear most types of armour.
You are amphibious.
You can wear up to eight rings at the same time.
Your skin changes colour to match your surroundings (Stealth+).
Your rubbery body absorbs attacks. (AC +1, EV +1)
((You are camouflaged when in or above water. (Stealth+)))
You have tentacles for arms and can constrict up to eight enemies at once.


   Skills:
 - Level 2.0 Dodging
 - Level 2.6 Stealth
 - Level 5.0 Spellcasting
 * Level 8.4 Conjurations
 - Level 4.0 Translocations


You had 10 spell levels left.
You knew the following spells:

 Your Spells              Type           Power      Damage    Failure   Level
a - Magic Dart            Conj           100%       1d8       1%          1
b - Searing Ray           Conj           76%        2d7       1%          2
c - Iskenderun's Mystic   Conj/Tloc      29%        2d7       9%          4

Your spell library contained the following spells:

 Spells                   Type           Power      Damage    Failure   Level
 Dazzling Flash           Conj/Hex       42%        N/A       6%          3
 Fulminant Prism          Conj/Hex       10%        3d9       21%         4

Inventory:

Hand Weapons
 j - a +1 mace (weapon) {mace}
   (You took it off a wight on level 4 of the Dungeon)
Jewellery
 a - a ring of magical power (left tentacle)
   (You found it on level 1 of the Dungeon)
Scrolls
 b - 4 scrolls of identify {unknown}
 d - a scroll of vulnerability {unknown}
 e - a scroll of blinking {unknown}
 g - a scroll of amnesia {unknown}
 i - 2 scrolls of torment {unknown}
Potions
 c - a potion of brilliance {unknown}
 h - a potion of ambrosia {unknown}

Dungeon Overview and Level Annotations

Branches:
Dungeon (7/15)
 Temple: D:4-7

Altars:
Yredelemnul

Shops:
D:1 =

Annotations:
D:4 2 transporters, zeratav's ghost, novice OpCj

#..............#..
#.#+##.....).#.#..
#.#.##.......#..##
#.#.##.......##.#
#.#.##.......##)##
#.#.##.......##...
#............##...
#§D..........##...
#@§..........##...
#§§......########.
#.#+###### #. #.#
## #.# # #.# # #.#
..# ###


You could see a steam dragon.


Message History

The steam dragon is knocked back by the mystic blast.
The steam dragon slams into the rock wall!
You kill the steam dragon!
Your Conjurations skill increases to level 8!
HP[+1] MP[-3]
You lost 3 mp, and now have 10/24 mp.
You start resting.
A kobold brigand is nearby!
A kobold brigand is nearby!
A kobold brigand is nearby!
Casting: Iskenderun's Mystic Blast (quite dangerous; 10% risk of failure)
Confirm with . or Enter, or press ? or * to list all spells.
Aiming: Searing Ray (safe; 1% risk of failure)
Press: ? - help, Shift-Dir - straight line, f - kobold brigand
Aim: a kobold brigand, wielding a +0 short sword, wearing a +0 robe and quivering curare-tipped darts (76% to hit)
The searing ray hits the kobold brigand. (Press . to maintain the ray.) MP[-2]
You lost 2 mp, and now have 8/24 mp.
The searing ray hits the kobold brigand.
The searing ray hits the kobold brigand.
The kobold brigand hits you with a +0 short sword!
* * * LOW HITPOINT WARNING * * *
HP[-11] MP[-1]
You take 11 damage, and now have 22/46 hp.
MASSIVE DAMAGE!! (PAUSE)
You lost 1 mp, and now have 7/24 mp.
Casting: Searing Ray (safe; 1% risk of failure)
Confirm with . or Enter, or press ? or * to list all spells.
Restarting spell: Searing Ray (safe; 1% risk of failure)
Press: ? - help, Shift-Dir - straight line, f/p - kobold brigand
Aim: a kobold brigand, wielding a +0 short sword, wearing a +0 robe and quivering curare-tipped darts (heavily wounded, 76% to hit)
The searing ray misses the kobold brigand. (Press . to maintain the ray.)
The kobold brigand misses you.
MP[-2]
You lost 2 mp, and now have 5/24 mp.
The searing ray hits the kobold brigand!
The kobold brigand hits you with a +0 short sword.
* * * LOW HITPOINT WARNING * * *
HP[-5] MP[-1]
You take 5 damage, and now have 17/46 hp.
You lost 1 mp, and now have 4/24 mp.
The searing ray hits the kobold brigand!
You kill the kobold brigand!
Training target 5.0 for Spellcasting reached!
Your Spellcasting skill increases to level 5!
MP[-1]
You lost 1 mp, and now have 3/24 mp.
You start resting.
HP[+16] MP[+21]
You regained 16 hp, and now have 33/46 hp.
Your mp is fully restored (24).
You start resting.
HP[+13]
Your hp is fully restored (46).
Items here: ( ) [ †.
Things that are here:
a +0 short sword {short}; a kobold skeleton You open the door.
There is an open door here.
c - a black potion A steam dragon comes into view.
The steam dragon hisses angrily.
The steam dragon breathes steam at you. The ball of steam hits you!!
Ouch! That really hurt!
* * * LOW HITPOINT WARNING * * *
HP[-26]
You take 26 damage, and now have 20/46 hp.
MASSIVE DAMAGE!! (PAUSE)
Casting: Searing Ray (safe; 1% risk of failure)
Confirm with . or Enter, or press ? or * to list all spells.
Aiming: Searing Ray (safe; 1% risk of failure)
Press: ? - help, Shift-Dir - straight line, f - steam dragon
Aim: a steam dragon (steam, 81% to hit)
The searing ray hits the steam dragon. (Press . to maintain the ray.)
The steam dragon barely misses you. x2
MP[-2]
You lost 2 mp, and now have 22/24 mp.
Casting: Searing Ray (safe; 1% risk of failure)
Confirm with . or Enter, or press ? or * to list all spells.
The spell is quite dangerous to miscast (9% risk of failure)!
Continue anyway?
You erupt in a blast of force!
The mystic blast hits the steam dragon!
The steam dragon breathes steam at you. The ball of steam hits you!
* * * LOW HITPOINT WARNING * * *
HP[-14] MP[-4]
You take 14 damage, and now have 6/46 hp.
MASSIVE DAMAGE!! (PAUSE)
You lost 4 mp, and now have 18/24 mp.
Casting: Iskenderun's Mystic Blast (quite dangerous; 9% risk of failure)
Confirm with . or Enter, or press ? or * to list all spells.
Okay, then.
As you read the scroll labelled GEBAOC QACK, it crumbles to dust.
It is a scroll of enchant armour.
You aren't carrying any armour which can be enchanted further.
You are engulfed in a cloud of scalding steam.
You die...

Skill      XL: |  1  2  3  4  5  6  7  8 |
---------------+-------------------------+-----
Translocations | 1 2 3 4 |  4.0
Conjurations   | 5 6 7 8 |  8.4
Spellcasting   | 3 4 5 |  5.0
Dodging        | |  2.0
Stealth        | |  2.6

Action                   |  1- 3 |  4- 6 |  7- 9 || total
-------------------------+-------+-------+-------++-------
Melee: Mace              |       |    16 |    40 ||    56
       Tentacles         |       |     9 |    11 ||    20
       Constrict         |       |     5 |     5 ||    10
       Club              |       |     1 |       ||     1
       Punch             |       |       |     1 ||     1
 Cast: Magic Dart        |    56 |    58 |     8 ||   122
       Searing Ray       |       |     7 |    11 ||    18
       Iskenderun's Myst |       |       |     5 ||     5
  Use: Scroll            |       |       |     1 ||     1
 Stab: Sleeping          |       |     2 |     6 ||     8
Armor: Skin              |     2 |     3 |     5 ||    10
Dodge: Dodged            |     9 |    24 |    44 ||    77

Levels and vault maps discovered:
D:1:      minmay_arrival_split_and_join, layout_basic,
          hellmonk_ecumenical_altar_arch_garden, nicolae_shop_unique_rings
D:2:      layout_basic, serial_glass, glass_columns_b, glass_columns_c,
          serial_shops, nicolae_diamond_shop, patterned_corridor, uniq_terence,
          uniq_natasha
D:4:      layout_cave_pools, lemuel_mausoleum_altar_yredelemnul,
          gammafunk_ghost_stat_death
D:5:      layout_loops_ring, minmay_splitting_lines, serial_bayou_pond_e,
          grunt_ministairs_6
D:6:      layout_loops_ring, minmay_overflow_temple_star_quad, serial_shops,
          shop, uniq_crazy_yiuf_cottage
D:7:      layout_basic, temple_statues

Notes
Turn   | Place    | Note
-------+----------+-------------------------------------------
     0 | D:1      | zeratav the Octopode Conjurer began the quest for the Orb.
     0 | D:1      | Reached XP level 1. HP: 11/11 MP: 3/3
     0 | D:1      | magus.rc [v1.9.6]
   515 | D:1      | Reached XP level 2. HP: 17/17 MP: 5/5
   575 | D:1      | Found Fetet's One-of-a-Kind Rings.
   858 | D:1      | Found a faded altar of an unknown god.
  1082 | D:2      | Reached skill level 1 in Translocations
  1082 | D:2      | Reached XP level 3. HP: 21/21 MP: 6/6
  1244 | D:2      | You fall into a shaft and drop 2 floors!
  1286 | D:4      | HP: 3/21 [water moccasin skeleton (4)]
  1289 | D:4      | Reached skill level 5 in Conjurations
  1289 | D:4      | Reached XP level 4. HP: 4/27 MP: 6/8
  1548 | D:4      | Learned a level 2 spell: Searing Ray
  1566 | D:4      | Reached skill level 2 in Translocations
  1566 | D:4      | Reached XP level 5. HP: 31/31 MP: 6/9
  1718 | D:4      | Reached skill level 3 in Spellcasting
  1770 | D:4      | HP: 6/31 [something (3)]
  2058 | D:4      | Reached XP level 6. HP: 36/36 MP: 10/10
  2233 | D:4      | Reached skill level 6 in Conjurations
  2346 | D:4      | Found a transporter.
  2373 | D:4      | Noticed zeratav's ghost (novice OpCj)
  2388 | D:4      | Found a transporter.
  2561 | D:4      | Reached skill level 3 in Translocations
  2824 | D:4      | Noticed a necrophage
  2830 | D:4      | Killed a necrophage
  2831 | D:4      | Reached XP level 7. HP: 27/41 MP: 12/12
  3148 | D:4      | Found a basalt altar of Yredelemnul.
  3158 | D:4      | Reached skill level 4 in Spellcasting
  3426 | D:4      | Reached skill level 7 in Conjurations
  3585 | D:4      | Reached skill level 4 in Translocations
  3637 | D:4      | Reached XP level 8. HP: 25/46 MP: 14/14
  3864 | D:5      | Entered Level 5 of the Dungeon
  3984 | D:6      | Learned a level 4 spell: Iskenderun's Mystic Blast
  4432 | D:7      | Reached skill level 8 in Conjurations
  4441 | D:7      | Reached skill level 5 in Spellcasting
  4697 | D:7      | HP: 6/46 [steam dragon/ball of steam (15)]
  4698 | D:7      | Engulfed by a steam dragon's steam

Vanquished Creatures
  A steam dragon (D:7)
  An ice beast (D:6)
  4 necrophages (D:4)
  A kobold brigand (D:7)
  A scorpion (D:4)
  A water moccasin skeleton (D:4)
  A wight (D:4)
  2 centaur zombies (D:4)
  A human zombie (D:4)
  A jelly (D:4)
  A hound (D:5)
  3 iguanas
  3 orc wizards (D:4)
  A mummy (D:4)
  A howler monkey skeleton (D:7)
  4 adders
  3 adder zombies (D:4)
  5 orcs (D:4)
  4 bats
  5 endoplasms
  A giant cockroach (D:4)
  3 goblins
  2 hobgoblins
  3 jackals (D:5)
  3 quokkas
  4 ball pythons
  3 kobolds
  A quokka skeleton (D:4)
  2 rats (D:1)
66 creatures vanquished.

Table legend:
 A = Non-vault XP
 B = Vault XP
 C = Vault XP percentage of total XP
 D = Non-vault monster count
 E = Vault monster count
 F = Vault count percentage of total count
                 A         B        C        D         E       F
            +---------+---------+-------+---------+---------+-------
      Total |     948 |     780 |  45.1 |      50 |      16 |  24.2
            +---------+---------+-------+---------+---------+-------
        D:1 |      27 |       0 |   0.0 |      16 |       0 |   0.0
        D:2 |      32 |       0 |   0.0 |       6 |       0 |   0.0
        D:4 |     428 |     732 |  63.1 |      21 |      12 |  36.4
        D:5 |       0 |      48 | 100.0 |       0 |       4 | 100.0
        D:6 |     132 |       0 |   0.0 |       1 |       0 |   0.0
        D:7 |     329 |       0 |   0.0 |       6 |       0 |   0.0
            +---------+---------+-------+---------+---------+-------

Illustrated notes

Table legend:
 A = Kills in this place as a percentage of kills in entire the game.
 B = Kills by you in this place as a percentage of kills by you in the entire game.
 C = Kills by friends in this place as a percentage of kills by friends in the entire game.
 D = Other kills in this place as a percentage of other kills in the entire game.
 E = Experience gained in this place as a percentage of experience gained in the entire game.
 F = Experience gained in this place divided by the number of levels of this place that you have seen.
                   A       B       C       D       E      F
               +-------+-------+-------+-------+-------+----------------------
         Total | 100.0 | 100.0 |   N/A |   N/A | 100.0 | 288.0
       Dungeon | 100.0 | 100.0 |   N/A |   N/A | 100.0 | 288.0
               +-------+-------+-------+-------+-------+----------------------

Table legend: (Time is in decaauts)
 A = Elapsed time spent in this place.
 B = Non-inter-level travel time spent in this place.
 C = Inter-level travel time spent in this place.
 D = Time resting spent in this place.
 E = Time spent auto-exploring this place.
 F = Levels seen in this place.
 G = Mean time per level.
                   A        B        C        D        E       F      G
               +--------+--------+--------+--------+--------+-----+--------+
         Total |   4718 |   4635 |     83 |   2091 |   1965 |   6 |  786.3 |
       Dungeon |   4718 |   4635 |     83 |   2091 |   1965 |   6 |  786.3 |
               +--------+--------+--------+--------+--------+-----+--------+

Top non-repeatable levels by time:
     D:4: 2641 daAuts
     D:1: 1073 daAuts
     D:7: 557 daAuts
     D:6: 193 daAuts
     D:2: 169 daAuts
     D:5: 81 daAuts
